 Dungeon Crawl Stone Soup version 0.24.0-1-gfbc8707 (webtiles) character file.

Game seed: 822963984185635786, levelgen mode: deterministic

40414 Fang the Fighter (level 14, -4/96 HPs)
             Began as a Gargoyle Berserker on Oct 29, 2019.
             Was a High Priest of Trog.
             Slain by Sonja
             ... wielding a +1 short sword of distortion
              (5 damage)
             ... on level 3 of the Lair of Beasts.
             The game lasted 00:20:55 (12033 turns).

Fang the Fighter (Gargoyle Berserker)              Turns: 12033, Time: 00:20:55

Health: -4/96      AC: 33    Str: 30    XL:     14   Next: 10%
Magic:  14/14      EV: 11    Int: 13    God:    Trog [*****.]
Gold:   906        SH:  0    Dex:  9    Spells: 13/13 levels left

rFire    . . .     SeeInvis +   E - +4 broad axe of the Desert {freeze, Int+4 SInv}
rCold    . . .     Gourm    .   (no shield)
rNeg     + . .     Faith    .   b - +0 plate armour
rPois    ∞         Spirit   .   i - +2 helmet
rElec    +         Reflect  .   (no cloak)
rCorr    +         Harm     .   r - +0 pair of gloves
MR       +....                  n - +1 pair of boots of Honour {Str+5}
Stlth    ..........             u - amulet of regeneration
HPRegen  0.66/turn              y - ring of resist corrosion
MPRegen  0.14/turn              (no ring)

@: confused, berserk cooldown, flying, slowed, very slow
A: big wings, negative energy resistance 1, electricity resistance, unbreathing,
petrification resistance, rot immunity, AC +10
a: Stop Flying, Berserk, Trog's Hand, Brothers in Arms, Renounce Religion


You were on level 3 of the Lair of Beasts.
You worshipped Trog.
Trog was extremely pleased with you.
You were very hungry.

You visited 3 branches of the dungeon, and saw 16 of its levels.
You visited the Abyss 2 times.
You also visited: Ossuary.

You collected 1113 gold pieces.
You spent 207 gold pieces at shops.

Inventory:

Hand Weapons
 a - a +1 broad axe
 E - the +4 broad axe of the Desert (weapon) {freeze, Int+4 SInv}
   (You bought it in a shop on level 4 of the Dungeon)

   It has been specially enchanted to freeze those struck by it, causing extra
   injury to most foes and up to half again as much damage against particularly
   susceptible opponents.
   It can also slow down cold-blooded creatures.
   It affects your intelligence (+4).
   It lets you see invisible.
Armour
 b - a +0 plate armour (worn)
 d - the +5 robe of Night {Dark MR+ SInv}
   (You found it on level 8 of the Dungeon)

   It affects your resistance to hostile enchantments.
   It lets you see invisible.
 i - a +2 helmet (worn)
 n - the +1 pair of boots of Honour (worn) {Str+5}
   (You found it on level 3 of the Lair of Beasts)

   It affects your strength (+5).
 r - a +0 pair of gloves (worn)
Jewellery
 u - an amulet of regeneration (around neck)
 y - a ring of resist corrosion (left hand)
Wands
 l - a wand of disintegration (22)
 s - a wand of clouds (7)
 z - a wand of random effects (27)
 F - a wand of iceblast (8)
 G - a wand of scattershot (7)
 H - a wand of paralysis (2)
Scrolls
 e - 7 scrolls of teleportation
 g - 5 scrolls of remove curse
 j - a scroll of magic mapping
 t - 2 scrolls of blinking
 D - 2 scrolls of identify
Potions
 f - 4 potions of flight
 h - 8 potions of curing
 k - 3 potions of berserk rage
 m - 2 potions of resistance
 o - 3 potions of haste
 p - a potion of invisibility {unknown}
 q - 4 potions of might
 v - 3 potions of magic {unknown}
 w - 5 potions of brilliance {unknown}
 x - 2 potions of degeneration {unknown}
 A - a potion of mutation {unknown}
 B - 2 potions of lignification {unknown}
 C - 2 potions of agility {unknown}
Comestibles
 c - 23 rations


   Skills:
 * Level 14.8 Fighting
 * Level 12.7 Axes
 + Level 11.3 Armour
 + Level 8.8 Dodging


You had 13 spell levels left.
You didn't know any spells.
Your spell library was empty.

Dungeon Overview and Level Annotations

Branches:
Dungeon (12/15)            Temple (1/1) D:4            Lair (3/6) D:11
 Shoals (0/4) Lair:2          Orc (0/2) D:11        Ossuary (visited)
  Snake: Lair:2-4    Spider: Lair:2-4

Altars:
Dithmenos
Makhleb
Okawaru
Ru
Sif Muna
Uskayaw
The Shining One
Beogh

Shops:
D:4 (:

Portals:
Ice
Cave: D:12

Annotations:
D:6 3 runed translucent doors, ohno's ghost, novice DrAK
Lair:3 Sonja


Innate Abilities, Weirdness & Mutations

You are resistant to torment.
Your stone body is resilient. (AC +10)
You are immune to poison.
Your large and strong wings let you fly indefinitely.
You resist negative energy. (rN+)
You are resistant to electric shocks. (rElec)
You can survive without breathing.
You are immune to petrification.
You are immune to rotting.


Message History

The golden eye blinks at you. You resist with some effort.
The raiju bites you but does no damage.
The sun demon hits you but does no damage.
The red devil closely misses you. The raiju bites you but does no damage.
You pass through the gate.
Welcome back to the Lair of Beasts!
Level annotation: Sonja Sonja hits you but does no damage.
Space warps horribly around you!
Sonja hits you but does no damage. x2; Space bends around you.
Sonja hits you with a +1 short sword of distortion.
Space bends around you. Sonja misses you. Sonja hits you but does no damage.
Space bends around you. Sonja hits you but does no damage.
Space bends around you.
* * * LOW HITPOINT WARNING * * *
Sonja hits you but does no damage. Space bends around you.
* * * LOW HITPOINT WARNING * * *
Sonja hits you but does no damage. Space warps horribly around you!!
* * * LOW HITPOINT WARNING * * *
Sonja hits you with a +1 short sword of distortion.
You die...

♣≈≈.###....#######.#.#...........
♣♣≈≈.......#######'#.#...........
.♣≈..............................
.≈.................K.............
.................................
............#.#..##P#............
...........>####.####.....##.###.
..###.####.....Gh..##......#..###
..##P.###...##..@3.#P.....##.....
............##.h.K........+......
.........P.........##.....#......
............##..^..........##..##
.........#..##......#.....P.#+.#
..#.#..###..........#............
.#..P..###..##P...P##K...........
....P........#.....#.............
..##.P###.P###.....###.P##.#.###P


You could see a sun demon, 2 raiju, Sonja and a golden eye.

Vanquished Creatures
  A tentacled starspawn (Abyss:3)
  Gastronok (D:9)
  A balrug (Abyss:3)
  A green death (Abyss:2)
  Harold (D:8)
  3 hydras
  A death knight (Abyss:2)
  2 two-headed ogres (D:10)
  3 thrashing horrors
  Urug (Lair:1)
  A wretched star (Abyss:2)
  A skeletal warrior (Abyss:2)
  3 unseen horrors
  A wizard (Abyss:3)
  An oklob plant (Lair:3)
  A cyclops (D:11)
  6 spiny frogs
  3 black mambas
  2 smoke demons
  2 centaur skeletons (D:11)
  A torpor snail (Lair:3)
  A rime drake (Lair:3)
  A komodo dragon (D:11)
  A kobold demonologist (Abyss:2)
  2 freezing wraiths (Abyss:2)
  2 hellwings (Abyss:3)
  2 ancient zymes (Abyss:2)
  A troll (D:12)
  14 raiju
  A polar bear (Lair:2)
  An ettin zombie (Abyss:2)
  5 blink frogs (Lair:2)
  4 hippogriffs
  4 large abominations
  A wraith (Abyss:2)
  2 ynoxinuls (Abyss:2)
  2 shadows (D:11)
  2 vampires
  10 yaks
  An alligator skeleton (Abyss:2)
  2 hungry ghosts
  A basilisk (Lair:3)
  9 porcupines
  3 sky beasts
  7 water moccasins
  9 ice beasts
  9 orc warriors
  3 phantoms
  3 ogres
  4 wolves (Lair:3)
  2 centaurs
  8 crocodiles
  A big kobold (D:9)
  6 bullfrogs
  A gnoll sergeant (D:7)
  A wyvern zombie (D:11)
  6 scorpions
  3 small abominations (Abyss:2)
  13 killer bees
  10 wights
  3 crimson imps
  2 quasits
  4 hounds
  4 jellies
  3 bullfrog skeletons
  5 orc priests
  8 orc wizards
  Jessica (D:3)
  2 iguanas (D:9)
  9 worker ants
  A big kobold zombie (Ossuary)
  8 mummies (Ossuary)
  2 worker ant zombies (D:11)
  A howler monkey skeleton (D:6)
  7 gnolls
  13 adders
  3 shadow imps
  A white imp (Abyss:2)
  An ooze (D:1)
  An adder skeleton (D:7)
  2 adder zombies
  2 worms
  3 dart slugs
  5 leopard geckos
  35 orcs
  9 bats
  5 giant cockroaches
  7 goblins
  13 hobgoblins
  14 jackals
  14 kobolds
  5 quokkas
  3 ball pythons
  6 frilled lizards
  A gnoll zombie (Ossuary)
  3 hobgoblin zombies (Ossuary)
  A jackal skeleton (D:5)
  A kobold zombie (Ossuary)
  2 leopard gecko skeletons
  2 orc zombies (Ossuary)
  10 rats
  2 fungi
  A lurking horror (Abyss:2)
  2 plants (D:11)
  2 starspawn tentacles (Abyss:2)
424 creatures vanquished.

Vanquished Creatures (collateral kills)
  3 oklob plants (Lair:3)
  A plant (Lair:3)
4 creatures vanquished.

Vanquished Creatures (others)
  3 fungi
  4 plants
  5 starspawn tentacles
12 creatures vanquished.

Grand Total: 440 creatures vanquished

Notes
Turn   | Place    | Note
-------+----------+-------------------------------------------
     0 | D:1      | Fang the Gargoyle Berserker began the quest for the Orb.
     0 | D:1      | Reached XP level 1. HP: 14/14 MP: 1/1
    14 | D:1      | Reached XP level 2. HP: 17/19 MP: 2/2
   171 | D:1      | Reached XP level 3. HP: 22/23 MP: 3/3
   472 | D:2      | Reached ** piety under Trog
   822 | D:2      | Reached XP level 4. HP: 29/29 MP: 4/4
  1108 | D:2      | Reached skill level 4 in Fighting
  1118 | D:2      | Found an iron altar of Okawaru.
  1237 | D:2      | Reached XP level 5. HP: 33/33 MP: 5/5
  1566 | D:3      | Found a faded altar of an unknown god.
  1641 | D:3      | Found a burning altar of Makhleb.
  1766 | D:3      | Reached *** piety under Trog
  1821 | D:3      | Noticed Jessica
  1847 | D:3      | Killed Jessica
  1972 | D:4      | Reached XP level 6. HP: 39/39 MP: 6/6
  2119 | D:4      | Found a staircase to the Ecumenical Temple.
  2155 | Temple   | Entered the Ecumenical Temple
  2175 | D:4      | Found Saorph's Book Shop.
  2234 | D:4      | Found Weohaduq's Antique Weapon Boutique.
  2668 | D:4      | Found a shimmering blue altar of Sif Muna.
  2696 | D:5      | Entered Level 5 of the Dungeon
  2752 | D:5      | Reached **** piety under Trog
  2802 | D:5      | Found a sacrificial altar of Ru.
  2877 | D:5      | Reached skill level 5 in Fighting
  2923 | D:5      | Reached XP level 7. HP: 35/44 MP: 7/7
  2951 | D:5      | Found a sand-covered staircase.
  2962 | Ossuary  | Entered an ossuary
  3471 | D:5      | Reached skill level 5 in Armour
  3671 | D:6      | Reached XP level 8. HP: 51/51 MP: 8/8
  3726 | D:4      | Bought a steaming broad axe for 207 gold pieces
  3726 | D:4      | Identified the +4 broad axe of the Desert {freeze, Int+4
                  | SInv} (You bought it in a shop on level 4 of the Dungeon)
  3760 | D:6      | Found a runed translucent gate.
  3760 | D:6      | Noticed ohno's ghost (novice DrAK)
  3763 | D:6      | Identified the cursed +0 chain mail of Incorporation {Str+6
                  | Dex-4}
  3766 | D:6      | Found a runed translucent gate.
  3767 | D:6      | Found a runed translucent gate.
  3780 | D:6      | Reached skill level 6 in Fighting
  3807 | D:6      | Reached skill level 5 in Axes
  3812 | D:6      | Found a roughly hewn altar of Beogh.
  4321 | D:7      | Reached skill level 7 in Fighting
  4370 | D:7      | Noticed a +0 hand axe
  4371 | D:7      | Found a hide-covered altar of Uskayaw.
  4371 | D:7      | Noticed a +0 hand axe
  4374 | D:7      | Reached ***** piety under Trog
  4463 | D:7      | Reached XP level 9. HP: 57/57 MP: 9/9
  4700 | D:7      | Found a glowing golden altar of the Shining One.
  4750 | D:7      | Reached skill level 8 in Fighting
  4997 | D:8      | Found the +5 robe of Night {Dark MR+ SInv}
  5032 | D:8      | Received a gift from Trog
  5032 | D:8      | Reached skill level 5 in Dodging
  5603 | D:8      | Noticed Harold
  5614 | D:8      | Killed Harold
  5614 | D:8      | Reached skill level 9 in Fighting
  5614 | D:8      | Reached XP level 10. HP: 66/66 MP: 10/10
  6111 | D:9      | Noticed Gastronok
  6161 | D:9      | Killed Gastronok
  6161 | D:9      | Reached skill level 10 in Fighting
  6168 | D:9      | Reached XP level 11. HP: 73/73 MP: 11/11
  6468 | D:9      | Noticed an unseen horror
  6477 | D:9      | Killed an unseen horror
  6477 | D:9      | Received a gift from Trog
  6643 | D:10     | Entered Level 10 of the Dungeon
  6681 | D:10     | Noticed a two-headed ogre
  6688 | D:10     | Noticed a two-headed ogre
  6693 | D:10     | Killed a two-headed ogre
  6697 | D:10     | Killed a two-headed ogre
  6697 | D:10     | Reached skill level 11 in Fighting
  7083 | D:11     | Found a staircase to the Lair.
  7083 | D:11     | Noticed a cyclops
  7095 | D:11     | Killed a cyclops
  7264 | D:11     | Found a staircase to the Orcish Mines.
  7462 | D:11     | Noticed an unseen horror
  7485 | D:11     | Reached skill level 10 in Axes
  7486 | D:11     | Killed an unseen horror
  7801 | D:12     | Found a frozen archway.
  7809 | D:12     | Reached skill level 12 in Fighting
  7809 | D:12     | Reached XP level 12. HP: 60/81 MP: 12/12
  7894 | Lair:1   | Entered Level 1 of the Lair of Beasts
  8267 | Lair:1   | Noticed a five-headed hydra
  8274 | Lair:1   | Noticed Urug
  8279 | Lair:1   | Killed an 11-headed hydra
  8289 | Lair:1   | Killed Urug
  8604 | Lair:2   | Found a staircase to the Shoals.
  8795 | Lair:2   | Received a gift from Trog
  9075 | Lair:2   | Reached skill level 10 in Armour
  9089 | Lair:2   | Reached skill level 13 in Fighting
  9805 | Lair:3   | Noticed an eight-headed hydra
  9812 | Lair:3   | Killed a 12-headed hydra
 10088 | Lair:3   | Reached XP level 13. HP: 31/88 MP: 13/13
 10371 | Lair:3   | Got a pair of shimmering boots
 10377 | Lair:3   | Identified the +1 pair of boots of Honour {Str+5} (You
                  | found it on level 3 of the Lair of Beasts)
 10449 | Lair:3   | Noticed Sonja
 10494 | Lair:3   | Cast into level 2 of the Abyss (Sonja)
 10985 | Abyss:2  | Noticed a green death
 10999 | Abyss:2  | Killed a green death
 10999 | Abyss:2  | Reached skill level 14 in Fighting
 11004 | Lair:3   | Escaped the Abyss
 11416 | Lair:3   | Cast into level 2 of the Abyss (Sonja)
 11693 | Abyss:2  | Noticed a tentacled starspawn
 11778 | Abyss:3  | Noticed a tentacled starspawn
 11788 | Abyss:3  | Noticed a cyan very ugly thing
 11788 | Abyss:3  | Noticed a cyan very ugly thing
 11788 | Abyss:3  | Noticed a cyan very ugly thing
 11792 | Abyss:3  | Noticed a cyan very ugly thing
 11792 | Abyss:3  | Killed a tentacled starspawn
 11795 | Abyss:3  | HP: 3/91 [cyan very ugly thing (7)]
 11812 | Abyss:3  | Gained mutation: Your large and strong wings let you fly
                  | indefinitely. [Gargoyle growth]
 11812 | Abyss:3  | Reached XP level 14. HP: 17/96 MP: 14/14
 12015 | Abyss:3  | Noticed a balrug
 12016 | Abyss:3  | Found a corrupted altar of Lugonu.
 12021 | Abyss:3  | Received a gift from Trog
 12022 | Abyss:3  | Killed a balrug
 12033 | Lair:3   | Escaped the Abyss
 12033 | Lair:3   | HP: 1/96 [Sonja/+1 short sword of distortion (21)]
 12033 | Lair:3   | Slain by Sonja

Levels and vault maps discovered:
D:1:      dpeg_arrival_tiny_a, layout_rooms
D:2:      layout_basic, kennysheep_okawaru_gauntlet, serial_bayou_lake_a
D:3:      layout_rooms, nicolae_overflow_crystal_walls, first_ration,
          chequers_ecumenical_altar_simple_redux, uniq_jessica
D:4:      layout_loops_ring, lemuel_coloured_pillars_altar,
          minmay_temple_entry_waves, serial_shops, nicolae_shop_stone,
          nicolae_shop_competitors_out_of_business
D:5:      layout_loops_ring, basic_altar, chequers_ossuary_entry_cave
D:6:      layout_cave_pools, biasface_ghost_orc_armoury
D:7:      layout_basic, dancing_weapons_uskayaw, lemuel_doored_altar
D:8:      layout_basic, uniq_harold
D:9:      layout_basic, uniq_gastronok
D:10:     layout_rooms
D:11:     layout_cave_pools, david_lair_shrubbed, orc_0_dummy, nrook_uturn
D:12:     layout_gridville, portal_ice_cave_entry_ice_beasts, david_nohive_1,
          st_stairs_3
Temple:   minmay_crystal_spiral_temple
Lair:1:   layout_long_grid, uniq_urug
Lair:2:   layout_layer_cave, elwin_shoals_entry_rocks, lemuel_fruit_fields
Lair:3:   layout_regular_city, guppyfry_lair_drakes, lemuel_fruit_fields,
          minmay_lair_oklob_chamber, uniq_sonja

Skill      XL: |  1  2  3  4  5  6  7  8  9 10 11 12 13 |
---------------+----------------------------------------+-----
Axes           | 3 4 6 7 8 10 11 12 | 12.7
Dodging        | 2 3 4 5 6 7 8 |  8.8
Armour         | 3 4 5 6 7 8 9 10 11 | 11.3
Fighting       | 4 5 7 9 10 12 13 14 | 14.8

Action                   |  1- 3 |  4- 6 |  7- 9 | 10-12 | 13-15 || total
-------------------------+-------+-------+-------+-------+-------++-------
Melee: Hand axe          |   137 |   297 |   104 |       |       ||   538
       Broad axe         |       |       |   190 |   450 |   279 ||   919
Invok: Berserk           |       |     2 |     4 |     5 |     5 ||    16
       Trog's Hand       |       |     1 |       |     1 |     4 ||     6
       Brothers in Arms  |       |       |       |       |     3 ||     3
 Abil: Fly               |       |       |       |       |     1 ||     1
  Use: Scroll            |       |       |    16 |     4 |       ||    20
       Potion            |       |       |       |     2 |     3 ||     5
  Eat: Chunk             |       |     8 |    14 |    17 |     7 ||    46
       Ration            |       |       |       |     2 |     2 ||     4
Armor: Animal skin       |    67 |       |       |       |       ||    67
       Chain mail        |       |   215 |    45 |       |       ||   260
       Plate armour      |       |       |   166 |   483 |   348 ||   997
Dodge: Dodged            |   133 |   165 |   126 |   325 |   204 ||   953
